 Dungeon Crawl Stone Soup version 0.24-a0-201-gf205589 (webtiles) character file.

Game seed: 11166191824161302081

1130 Borgoz the Cutter (level 8, -1/52 HPs)
             Began as a Halfling Gladiator on Mar 24, 2019.
             Was an Initiate of Ashenzari.
             Slain by Grinder (5 damage)
             ... on level 5 of the Dungeon.
             The game lasted 00:06:41 (4622 turns).

Borgoz the Cutter (Halfling Gladiator)              Turns: 4622, Time: 00:06:42

Health: -1/52      AC: -11   Str: 20    XL:     8   Next: 62%
Magic:  11/11      EV: 18    Int:  8    God:    Ashenzari [......]
Gold:   157        SH:  0    Dex: 16    Spells: 11/11 levels left

rFire    . . .     SeeInvis .   g - +2 dagger (venom)
rCold    . . .     Gourm    .   (shield restricted)
rNeg     . . .     Faith    .   b - +0 leather armour
rPois    .         Spirit   .   c - +0 helmet
rElec    .         Reflect  .   (no cloak)
rCorr    .         Harm     .   (no gloves)
MR       .....                  (no boots)
Stlth    +.........             z - amulet of regeneration
HPRegen  0.57/turn              i - +5 ring of strength
MPRegen  0.12/turn              (no ring)

@: corroded, very slightly contaminated, invisible
A: small, mutation resistance 1
a: Curse Item, Renounce Religion


You were on level 5 of the Dungeon.
You worshipped Ashenzari.
Ashenzari was noncommittal.
You were not hungry.

You visited 2 branches of the dungeon, and saw 6 of its levels.

You collected 157 gold pieces.

Inventory:

Hand Weapons
 a - a +0 rapier
 g - a +2 dagger of venom (weapon)
Missiles
 d - 3 throwing nets (quivered)
 q - 14 tomahawks
Armour
 b - a +0 leather armour (worn)
 c - a +0 helmet (worn)
Jewellery
 i - a +5 ring of strength (left hand)
 k - an uncursed ring of flight
 z - an amulet of regeneration (around neck)
Wands
 m - a wand of random effects (12)
Scrolls
 e - a scroll of noise {unknown}
 h - 5 scrolls of remove curse
 l - 2 scrolls of fog {unknown}
 o - a scroll of magic mapping {unknown}
 p - 3 scrolls of teleportation {unknown}
 t - 3 scrolls of enchant armour {unknown}
 w - a scroll of enchant weapon {unknown}
 y - a scroll of fear {unknown}
 B - a scroll of amnesia {unknown}
 C - a scroll of random uselessness {unknown}
Potions
 n - a potion of curing
 s - a potion of magic
 u - a potion of heal wounds {unknown}
 x - 2 potions of cancellation
 D - a potion of berserk rage {unknown}
Comestibles
 f - 9 rations
 j - 12 chunks of flesh


   Skills:
 + Level 3.5 Fighting
 * Level 6.4 Short Blades
 + Level 3.6 Throwing
 * Level 4.6 Armour
 * Level 5.9 Dodging
 + Level 2.2 Spellcasting


You had 11 spell levels left.
You didn't know any spells.
Your spell library contained the following spells:

 Spells                   Type           Power        Failure   Level  Hunger
 Summon Small Mammal      Summ           #...         38%         1    ##.....
 Call Imp                 Summ           #.......     52%         2    ###....
 Call Canine Familiar     Summ           #.......     77%         3    ####...
 Summon Guardian Golem    Hex/Summ       #.......     77%         3    ####...
 Summon Ice Beast         Ice/Summ       #.......     99%         4    #####..
 Summon Lightning Spire   Summ/Air       #.......     99%         4    #####..


Dungeon Overview and Level Annotations

Branches:
Dungeon (5/15)             Temple (1/1) D:4

Altars:
Ashenzari
Cheibriados
Dithmenos
Elyvilon
Fedhas
Gozag
Kikubaaqudgha
Makhleb
Nemelex Xobeh
Okawaru
Qazlal
Sif Muna
Trog
Uskayaw
Vehumet
Xom
Yredelemnul
The Shining One

Annotations:
D:4 2 transporters
D:5 Grinder


Innate Abilities, Weirdness & Mutations

You are small and have problems with some larger weapons.
You are somewhat resistant to further mutation.


Message History

You hit the jelly but do no damage.
Your hands burn!
The jelly is moderately wounded.
The jelly misses you. The phantom misses you.
You hit the jelly but do no damage.
The jelly is poisoned.
Your hands burn!
The jelly is moderately wounded.
You are too injured to fight recklessly!
You are too injured to fight recklessly!
You are too injured to fight recklessly!
You are too injured to fight recklessly!
You fade into invisibility!
The jelly barely misses you. The phantom closely misses you.
You are very lightly contaminated with residual magic.
You hit the jelly but do no damage. The acid corrodes you!
Your hands burn!
The jelly is heavily wounded.
The jelly hits you. The acid corrodes you!
You are splashed with acid!
* * * LOW HITPOINT WARNING * * *
The phantom closely misses you. Grinder hits you.
* * * LOW HITPOINT WARNING * * *
You writhe in agony.
You die...

#. . ### ..######## #
#............# # #..
.#.......# # #.#
.#.......# # #.#
....>....#####
#+###.####............
#(...W..##..###.......
#...J@5.....# #.....>.
#.....#......##.####.#
##########...>..# #.#
#......# #.# #.######
#.# #.# ##.. #.# #)).
..# #)## ### ###.##


You could see Grinder, a phantom and a jelly.

Vanquished Creatures
  Pikel (D:5)
  A water moccasin (D:5)
  4 slaves (D:5)
  An ogre (D:3)
  A howler monkey (D:4)
  2 orc priests (D:3)
  4 orc wizards
  A worker ant (D:4)
  2 hound skeletons
  4 gnolls (D:2)
  6 adders
  2 oozes
  An adder skeleton (D:2)
  2 worms (D:2)
  A dart slug (D:1)
  7 leopard geckos
  15 orcs
  A ball python (D:3)
  5 giant cockroaches
  10 goblins
  5 hobgoblins
  2 quokkas
  14 bats
  6 frilled lizards
  7 kobolds
  9 rats
114 creatures vanquished.

Notes
Turn   | Place    | Note
-------+----------+-------------------------------------------
     0 | D:1      | Borgoz the Halfling Gladiator began the quest for the Orb.
     0 | D:1      | Reached XP level 1. HP: 14/14 MP: 1/1
   161 | D:1      | Reached XP level 2. HP: 14/19 MP: 2/2
   510 | D:1      | Reached skill level 1 in Armour
   531 | D:1      | Reached XP level 3. HP: 24/24 MP: 3/3
   854 | D:2      | Reached skill level 4 in Short Blades
  1178 | D:2      | Reached XP level 4. HP: 29/29 MP: 3/5
  1352 | D:2      | Reached skill level 1 in Spellcasting
  1390 | D:2      | Reached XP level 5. HP: 27/34 MP: 6/6
  2097 | D:3      | Found a white marble altar of Elyvilon.
  2282 | D:3      | Found a blossoming altar of Fedhas.
  2332 | D:3      | Noticed an ogre
  2341 | D:3      | Killed an ogre
  2341 | D:3      | Reached XP level 6. HP: 41/41 MP: 6/8
  2426 | D:3      | Reached skill level 5 in Short Blades
  2752 | D:3      | Reached XP level 7. HP: 32/45 MP: 9/9
  2772 | D:3      | Found a glowing golden altar of the Shining One.
  3305 | D:4      | Found an ancient bone altar of Kikubaaqudgha.
  3433 | D:4      | Found a staircase to the Ecumenical Temple.
  3466 | D:4      | Found a transporter.
  3467 | D:4      | Noticed a green ugly thing
  3482 | Temple   | Entered the Ecumenical Temple
  3684 | Temple   | Became a worshipper of Ashenzari the Shackled
  3733 | D:4      | Found a transporter.
  3749 | D:4      | Found an iron altar of Okawaru.
  3749 | D:4      | Found a basalt altar of Yredelemnul.
  4252 | D:5      | Entered Level 5 of the Dungeon
  4252 | D:5      | Noticed a water moccasin
  4272 | D:5      | Killed a water moccasin
  4272 | D:5      | Reached skill level 5 in Dodging
  4358 | D:5      | Found a deep blue altar of Sif Muna.
  4382 | D:5      | Noticed Pikel
  4447 | D:5      | Killed Pikel
  4447 | D:5      | Reached skill level 6 in Short Blades
  4447 | D:5      | Reached XP level 8. HP: 27/52 MP: 9/11
  4532 | D:5      | Found a stormy altar of Qazlal.
  4611 | D:5      | Noticed Grinder
  4622 | D:5      | Slain by Grinder

Levels and vault maps discovered:
D:1:      minmay_arrival_split_and_join, layout_basic, minmay_split_cup_large
D:2:      layout_loops_ring, serial_rivers, chequers_serial_rivers_micro_a,
          chequers_serial_rivers_large_a, chequers_serial_rivers_small_3,
          chequers_serial_rivers_room_b, chequers_serial_rivers_room_a
D:3:      layout_loops_corners, lemuel_coloured_pillars_altar,
          lemuel_doored_altar, first_ration, nicolae_tso_carved_into_rock
D:4:      layout_gridville, gammafunk_temple_overflow_arena, kennysheep_mini,
          minmay_temple_entry_drinking_statues
D:5:      layout_loops_cross, nicolae_qazlal_general_emergency,
          kennysheep_little_box, lemuel_altar_in_water2, uniq_sigmund,
          uniq_grinder, uniq_pikel
Temple:   minmay_temple_curvy_loop

Skill      XL: |  1  2  3  4  5  6  7 |
---------------+----------------------+-----
Armour         | 1 2 3 4 |  4.6
Fighting       | 2 3 |  3.5
Short Blades   | 4 5 6 |  6.4
Spellcasting   | 1 2 |  2.2
Dodging        | 4 5 |  5.9
Throwing       | 3 |  3.6

Action                   |  1- 3 |  4- 6 |  7- 9 || total
-------------------------+-------+-------+-------++-------
Melee: Rapier            |    31 |       |       ||    31
       Dagger            |    59 |   188 |   151 ||   398
  Use: Scroll            |     1 |       |     5 ||     6
       Potion            |     1 |       |     6 ||     7
 Stab: Sleeping          |     2 |     1 |       ||     3
       Invisible         |       |       |     2 ||     2
  Eat: Chunk             |     1 |     5 |     6 ||    12
Armor: Leather armour    |    23 |    29 |    24 ||    76
       Skin              |       |       |     7 ||     7
Dodge: Dodged            |    79 |   124 |   117 ||   320

Table legend:
 A = Non-vault XP
 B = Vault XP
 C = Vault XP percentage of total XP
 D = Non-vault monster count
 E = Vault monster count
 F = Vault count percentage of total count
                 A         B        C        D         E       F
            +---------+---------+-------+---------+---------+-------
      Total |     954 |     661 |  40.9 |     105 |       5 |   4.5
            +---------+---------+-------+---------+---------+-------
        D:1 |      31 |      10 |  24.4 |      18 |       4 |  18.2
        D:2 |     179 |       0 |   0.0 |      34 |       0 |   0.0
        D:3 |     366 |       0 |   0.0 |      37 |       0 |   0.0
        D:4 |      93 |       0 |   0.0 |       4 |       0 |   0.0
        D:5 |     285 |     651 |  69.6 |      12 |       1 |   7.7
            +---------+---------+-------+---------+---------+-------
